 Dungeon Crawl Stone Soup version 0.20.1-1-g8b1a95d (webtiles) character file.

5275 gobwax the Martial Artist (level 10, -10/69 (70) HPs)
             Began as a Demigod Transmuter on Aug 26, 2017.
             Mangled by a yak (14 damage)
             ... on level 9 of the Dungeon.
             The game lasted 00:34:43 (8914 turns).

gobwax the Martial Artist (Demigod Transmuter)      Turns: 8914, Time: 00:34:45

HP:   -10/69 (70)   AC:  2    Str: 15    XL:     10   Next: 14%
MP:   12/16         EV: 19    Int: 21    God:
Gold: 509           SH:  0    Dex: 21    Spells: 6/12 levels left

rFire    . . .     SeeInvis .     - Unarmed
rCold    . . .     Gourm    .   (shield currently unavailable)
rNeg     + . .     Faith    .   (armour currently unavailable)
rPois    .         Spirit   .   (helmet currently unavailable)
rElec    .         Reflect  .   (cloak currently unavailable)
rCorr    .         Harm     .   (gloves currently unavailable)
MR       +....                  (boots currently unavailable)
Stlth    ++........             I - amulet of rage
Regen    0.3/turn               y - ring of positive energy
MPRegen  0.2/turn               J - ring of poison resistance

@: spider-form (expiring), very slightly contaminated
A: high mp 1
a: End Transformation, Evoke Berserk Rage


You were on level 9 of the Dungeon.
You were not hungry.
You were a venomous arachnid creature.
You visited 1 branch of the dungeon, and saw 10 of its levels.

You collected 509 gold pieces.

Inventory:

Missiles
 a - 91 arrows
Armour
 b - a +0 robe
 o - a cursed +0 robe (melded)
Magical Staves
 e - an uncursed staff of air
 p - an uncursed staff of conjuration
Jewellery
 y - a ring of positive energy (left front leg)
 C - an uncursed ring of fire
 G - a cursed -2 ring of evasion
 H - an uncursed ring of resist corrosion
 I - an amulet of rage (around neck)
 J - a ring of poison resistance (right front leg)
 N - a cursed amulet of inaccuracy
Wands
 u - a wand of flame (21/48)
 x - a wand of acid (7/15)
 M - a wand of polymorph (8/24)
 O - a wand of paralysis (5/24)
 R - a wand of confusion (17/48)
Scrolls
 f - a scroll of identify
 g - a scroll of random uselessness {unknown}
 k - 4 scrolls of remove curse {unknown}
 q - a scroll of blinking {unknown}
 t - 2 scrolls of amnesia {unknown}
 w - 2 scrolls of recharging {unknown}
 z - a scroll of magic mapping {unknown}
 A - a scroll of enchant weapon {unknown}
 B - 2 scrolls of immolation {unknown}
 D - 2 scrolls of teleportation {unknown}
 K - a scroll of holy word {unknown}
 L - a scroll of fear {unknown}
 P - a scroll of fog {unknown}
 S - a scroll of enchant armour {unknown}
Potions
 j - 5 potions of flight
 l - 4 potions of degeneration
 r - a potion of haste {unknown}
 s - 2 potions of invisibility {unknown}
 v - 2 potions of might
 E - 4 potions of mutation {unknown}
 F - a potion of magic {unknown}
 Q - a potion of lignification {unknown}
Books
 c - a book of Changes

   Spells                             Type                      Level
   a - Beastly Appendage              Transmutation                1
   b - Sticks to Snakes               Transmutation                2
   c - Spider Form                    Transmutation/Poison         3
   d - Ice Form                       Ice/Transmutation            4
   e - Blade Hands                    Transmutation                5
 h - a book of Minor Magic

   Spells                             Type                      Level
   a - Magic Dart                     Conjuration                  1
   b - Blink                          Translocation                2
   c - Call Imp                       Summoning                    2
   d - Slow                           Hexes                        2
   e - Conjure Flame                  Conjuration/Fire             3
   f - Mephitic Cloud                 Conjuration/Poison/Air       3
Comestibles
 d - 5 bread rations
 i - 3 meat rations
 m - 3 chunks of flesh
 n - 6 fruits


   Skills:
 - Level 0.8 Fighting
 - Level 1.7 Dodging
 * Level 13.8 Unarmed Combat
 - Level 1.8 Spellcasting
 - Level 1.7 Transmutations
 - Level 0.1 Poison Magic


You had 6 spell levels left.
You knew the following spells:

 Your Spells              Type           Power        Failure   Level  Hunger
a - Beastly Appendage     Tmut           #.....       21%         1    #......
b - Spider Form           Tmut/Pois      #.........   52%         3    ###....
c - Blink                 Tloc           N/A          43%         2    ###....


Dungeon Overview and Level Annotations

Branches:
Dungeon (10/15)            Temple (0/1) D:5
   Lair: D:8-11         Orc: D:9-12

Shops:
D:5 [   D:7 :

Annotations:
D:9 Grum
D:10 Snorg


Innate Abilities, Weirdness & Mutations

You have an increased reservoir of magic. (+10% MP)


Message History

The wolf closely misses you. x2
Grum hits you from afar with a halberd!!
* * * LOW HITPOINT WARNING * * *
The wolf misses you.
There is a stone staircase leading down here.
Evoke which item? (* to show all) (? for menu, Esc to quit)
Okay, then.
Okay, then.
Casting: Spider Form
Confirm with . or Enter, or press ? or * to list all spells.
Okay, then.
Unknown command.
Casting: Spider Form
Confirm with . or Enter, or press ? or * to list all spells.
You miscast Blink.
You are very lightly contaminated with residual magic.
You feel uncomfortable. The wolf completely misses you. The wolf bites you.
* * * LOW HITPOINT WARNING * * *
Grum misses you. The yak gores you!
You die...

# ##.##. ##
....... ..
####.#..####.##.#
......JYsh.....#
......g#h##.##.#
####....#h##.#
.............#
##......####
#......# #...#..#
##...#..# ###
#...##.####


You could see Grum, a yak, 3 wolves and a jelly.

Vanquished Creatures
  A two-headed ogre (D:8)
  The ghost of Zedayar the Grappler, a novice TrBe of Trog (D:8)
  Pikel (D:5)
  Prince Ribbit (D:6)
  Menkaure (D:6)
  Edmund (D:5)
  2 sky beasts (D:7)
  An orc warrior (D:8)
  A phantom (D:7)
  A black bear (D:7)
  4 ogres
  A necrophage (D:8)
  2 centaurs
  4 bullfrogs
  3 big kobolds
  2 scorpions
  3 killer bees
  2 howler monkeys (D:8)
  A bullfrog zombie (D:6)
  A crimson imp (D:8)
  5 orc priests
  7 hounds
  8 orc wizards
  11 worker ants
  2 hound zombies
  A hound skeleton (D:4)
  A worker ant zombie (D:5)
  11 gnolls
  10 adders
  A howler monkey skeleton (D:6)
  2 oozes
  2 adder skeletons
  A worm (D:3)
  A dart slug (D:2)
  3 leopard geckos
  28 orcs
  7 bats
  13 giant cockroaches
  5 goblins
  9 hobgoblins
  8 jackals
  4 quokkas
  2 ball pythons
  4 frilled lizards
  A jackal zombie (D:7)
  24 kobolds
  10 rats
  A butterfly (D:6)
216 creatures vanquished.

Vanquished Creatures (others)
  A slave (D:5)
1 creature vanquished.

Grand Total: 217 creatures vanquished

Notes
Turn   | Place    | Note
-------+----------+-------------------------------------------
     0 | D:1      | gobwax the Demigod Transmuter began the quest for the Orb.
     0 | D:1      | Reached XP level 1. HP: 15/15 MP: 5/5
   299 | D:1      | Reached skill level 3 in Unarmed Combat
   399 | D:1      | Reached XP level 2. HP: 11/22 MP: 1/7
  1422 | D:2      | Reached skill level 4 in Unarmed Combat
  1422 | D:2      | Reached XP level 3. HP: 10/27 MP: 8/8
  1845 | D:2      | Found a shadowy altar of Dithmenos.
  1938 | D:2      | Learned a level 3 spell: Spider Form
  2202 | D:3      | Reached XP level 4. HP: 34/34 MP: 7/9
  2553 | D:3      | Reached skill level 5 in Unarmed Combat
  3010 | D:4      | Reached XP level 5. HP: 37/39 MP: 7/10
  3064 | D:3      | Noticed a centaur
  3082 | D:3      | Killed a centaur
  3082 | D:3      | Reached skill level 6 in Unarmed Combat
  3198 | D:4      | Reached XP level 6. HP: 23/46 MP: 7/11
  3491 | D:4      | Reached skill level 7 in Unarmed Combat
  4009 | D:5      | Entered Level 5 of the Dungeon
  4379 | D:5      | Noticed Pikel
  4392 | D:5      | Killed Pikel
  4392 | D:5      | Reached skill level 9 in Unarmed Combat
  4392 | D:5      | Reached XP level 7. HP: 20/51 MP: 6/12
  4656 | D:5      | Noticed Edmund
  4669 | D:5      | Killed Edmund
  4669 | D:5      | Reached XP level 8. HP: 45/58 MP: 7/13
  4758 | D:5      | Found Diusimon's Armour Shoppe.
  4990 | D:5      | Found a staircase to the Ecumenical Temple.
  5120 | D:6      | Found a shimmering altar of Xom.
  5213 | D:6      | Noticed Prince Ribbit
  5225 | D:6      | Killed Prince Ribbit
  5225 | D:6      | Reached skill level 10 in Unarmed Combat
  5553 | D:6      | Noticed Menkaure
  5562 | D:6      | Killed Menkaure
  5563 | D:6      | Found a runed door.
  5566 | D:6      | Found a runed door.
  5597 | D:6      | Reached skill level 11 in Unarmed Combat
  6302 | D:7      | Found Puixtyli's Book Emporium.
  6326 | D:7      | Reached XP level 9. HP: 54/63 MP: 10/14
  7100 | D:8      | Noticed a two-headed ogre
  7101 | D:8      | Noticed Zedayar's ghost (novice TrBe)
  7208 | D:7      | Reached skill level 12 in Unarmed Combat
  7668 | D:8      | Found a sparkling altar of Nemelex Xobeh.
  7668 | D:8      | Found a bloodstained altar of Trog.
  8042 | D:8      | Found a shattered altar of Ashenzari.
  8045 | D:8      | Found a sacrificial altar of Ru.
  8045 | D:8      | Found an iron altar of Okawaru.
  8047 | D:8      | Found a snail-covered altar of Cheibriados.
  8047 | D:8      | Found a radiant altar of Vehumet.
  8052 | D:8      | Found an opulent altar of Gozag.
  8097 | D:8      | Found a stormy altar of Qazlal.
  8175 | D:8      | Reached skill level 13 in Unarmed Combat
  8370 | D:8      | Killed Zedayar's ghost
  8721 | D:8      | Learned a level 2 spell: Blink
  8751 | D:8      | Killed a two-headed ogre
  8751 | D:8      | Reached XP level 10. HP: 52/69 MP: 13/16
  8790 | D:8      | Found a burning altar of Makhleb.
  8905 | D:9      | Noticed Grum
  8911 | D:10     | Entered Level 10 of the Dungeon
  8911 | D:10     | Noticed Snorg
  8914 | D:9      | Mangled by a yak

Skill      XL: |  1  2  3  4  5  6  7  8  9 |
---------------+----------------------------+-----
Unarmed Combat | 3 4 5 6 9 11 13 | 13.8
Fighting       | |  0.8
Dodging        | |  1.7
Spellcasting   | |  1.8
Transmutations | |  1.7
Poison Magic   | |  0.1

Action                   |  1- 3 |  4- 6 |  7- 9 | 10-12 || total
-------------------------+-------+-------+-------+-------++-------
Melee: Unarmed           |   136 |   159 |   343 |     8 ||   646
       Headbutt          |    10 |     4 |       |       ||    14
       Punch             |     1 |       |       |       ||     1
       Kick              |    16 |     2 |       |       ||    18
 Cast: Beastly Appendage |    33 |     8 |       |       ||    41
       Spider Form       |       |    21 |    54 |     4 ||    79
  Use: Potion            |     1 |     4 |     9 |       ||    14
       Scroll            |       |     1 |     6 |       ||     7
 Stab: Sleeping          |     1 |     1 |     2 |     1 ||     5
  Eat: Chunk             |     4 |    10 |    22 |     1 ||    37
       Fruit             |     1 |       |       |       ||     1
Armor: Robe              |    25 |     6 |     2 |       ||    33
       Skin              |       |     6 |     8 |       ||    14
Dodge: Dodged            |    95 |   107 |   239 |    16 ||   457
